 Dungeon Crawl Stone Soup version 0.30-a0-528-g8c47a4955b (webtiles) character file.

Game seed: 1416371780924379553

1390 Crownlay the Skirmisher (level 9, -1/68 HPs)
             Began as a Human Hunter on Dec 23, 2022.
             Slain by an ice beast (11 damage)
             ... on level 5 of the Dungeon.
             The game lasted 00:11:25 (4522 turns).

Crownlay the Skirmisher (Human Hunter)              Turns: 4522, Time: 00:11:26

Health: -1/68      AC:  5    Str: 12    XL:     9   Next: 0%
Magic:  9/9        EV: 12    Int:  9    God:
Gold:   104        SH:  0    Dex: 24    Spells: 8/8 levels left

rFire   . . .      SeeInvis .    a - +0 shortbow
rCold   . . .      Faith    .    (shield currently unavailable)
rNeg    . . .      Spirit   .    c - +0 leather armour
rPois   .          Reflect  .    (no helmet)
rElec   .          Harm     .    (no cloak)
rCorr   .          Rampage  .    s - +0 pair of gloves {Dex+3}
Will    .....                    m - +0 pair of boots
Stlth   ++                       (no amulet)
HPRegen 0.31/turn                (no ring)
MPRegen 0.11/turn                (no ring)

@: no status effects
A: no striking features
a: no special abilities


You were on level 5 of the Dungeon.
You visited 1 branch of the dungeon, and saw 5 of its levels.

You collected 253 gold pieces.
You spent 149 gold pieces at shops.

Inventory:

Hand Weapons
 a - a +0 shortbow (weapon)
 o - a +1 vorpal flail
Missiles
 n - 6 datura-tipped darts
 w - a boomerang of dispersal
Armour
 c - a +0 leather armour (worn)
 d - a +0 buckler
 m - a +0 pair of boots (worn)
 s - a +0 pair of gloves of dexterity (worn)
Scrolls
 b - a scroll of immolation
 g - a scroll of enchant weapon {unknown}
 h - a scroll of amnesia {unknown}
 j - a scroll of torment {unknown}
 k - a scroll of fog {unknown}
 q - a scroll of identify {unknown}
 u - a scroll of butterflies
 v - a scroll of acquirement {unknown}
 x - a scroll of enchant armour {unknown}
Potions
 e - 3 potions of curing
 f - 2 potions of brilliance {unknown}
 i - a potion of cancellation {unknown}
 l - a potion of invisibility {unknown}
 p - 3 potions of heal wounds {unknown}
 r - a potion of haste {unknown}
 t - a potion of might {unknown}


   Skills:
 - Level 5.0 Fighting
 + Level 2.1 Polearms
 * Level 8.5 Ranged Weapons
 + Level 4.7 Throwing
 - Level 2.0 Dodging
 - Level 1.0 Stealth


You had 8 spell levels left.
You didn't know any spells.
Your spell library contained the following spells:

 Spells                   Type           Power      Damage    Failure   Level
 Apportation              Tloc           0%         N/A       45%         1
 Necrotise                Necr           0%         1d4       45%         1
 Summon Small Mammal      Summ           0%         N/A       45%         1
 Cigotuvi's Dreadful Rot  Necr/Pois/Air  0%         N/A       61%         2
 Ignite Poison            Fire/Tmut/Pois 0%         N/A       83%         3
 Kindle Blastsparks       Fire/Tloc/Air  0%         2d10      83%         3
 Dispel Undead            Necr           0%         3d6       99%         4
 Freezing Cloud           Conj/Ice/Air   0%         6-21      100%        5
 Death Channel            Necr           0%         N/A       100%        6
 Simulacrum               Ice/Necr       0%         N/A       100%        6
 Polar Vortex             Ice            0%         N/A       100%        9


Dungeon Overview and Level Annotations

Branches:
Dungeon (5/15)
 Temple: D:4-7

Altars:
Uskayaw
Xom

Shops:
D:4 ([=[[

Annotations:
D:3 Duvessa


Message History

Aim: a wyvern (heavily wounded, 69% to hit)
You shoot an arrow. The arrow hits the wyvern.
The wyvern is heavily wounded.
The wyvern barely misses you. The wyvern misses you.
Fire: a) +0 shortbow
Press: ? - help, Shift-Dir - straight line, f/p - wyvern
Aim: a wyvern (heavily wounded, 69% to hit)
You shoot an arrow.
The arrow hits the wyvern but does no damage.
The wyvern is heavily wounded.
The wyvern closely misses you. The wyvern misses you.
Fire: a) +0 shortbow
Press: ? - help, Shift-Dir - straight line, f/p - wyvern
Aim: a wyvern (heavily wounded, 69% to hit)
You shoot an arrow. The arrow barely misses the wyvern.
The wyvern bites you!
* * * LOW HITPOINT WARNING * * *
The wyvern barely misses you.
Fire: a) +0 shortbow
Press: ? - help, Shift-Dir - straight line, f/p - wyvern
Aim: a wyvern (heavily wounded, 69% to hit)
You shoot an arrow. The arrow hits the wyvern!
The wyvern is almost dead.
The wyvern bites you but does no damage.
The wyvern barely misses you.
Fire: a) +0 shortbow
Press: ? - help, Shift-Dir - straight line, f/p - wyvern
Aim: a wyvern (almost dead, 69% to hit)
You shoot an arrow. The arrow hits the wyvern!
You kill the wyvern!
An ice beast comes into view.
Your Polearms skill increases to level 2!
You have reached level 9!
Your experience leads to an increase in your attributes!
Your base attributes are Str 12, Int 9, Dex 19.
Increase (S)trength, (I)ntelligence, or (D)exterity?
You feel agile. x2
The ice beast attacks as you move away! The ice beast hits you.
* * * LOW HITPOINT WARNING * * *
The ice beast freezes you!
You die...

#..#.#.< #..#.#..
#....#.. ####...##..
###########......##..
#............###..#..
#.############ ##.#..
##.#### #.#.. #...#@#
#.#.. #..#..#Y# #.#..
#..###..#.# #####.#.#
#..# ##..## #........
#..# #..# #........
#.# #.# #........ #.
.# #........ # #
#########


You could see an ice beast.

Vanquished Creatures
  A wyvern (D:5)
  Edmund (D:4)
  Menkaure (D:4)
  An ogre (D:5)
  A necrophage (D:4)
  A kobold brigand (D:4)
  A scorpion (D:5)
  Dowan (D:3)
  A howler monkey (D:4)
  An orc priest (D:5)
  4 hounds (D:4)
  2 gnoll boudas
  An orc wizard (D:5)
  22 gnolls
  A dart slug (D:3)
  2 worms
  29 orcs
  5 endoplasms
  5 giant cockroaches
  19 goblins
  13 hobgoblins
  17 jackals
  10 quokkas
  3 ball pythons
  4 bats
  3 frilled lizards
  3 kobolds
  3 rats (D:3)
156 creatures vanquished.

Vanquished Creatures (collateral kills)
  A gnoll (D:3)
1 creature vanquished.

Vanquished Creatures (others)
  A gnoll (D:3)
  A plant (D:4)
2 creatures vanquished.

Grand Total: 159 creatures vanquished

Notes
Turn   | Place    | Note
-------+----------+-------------------------------------------
     0 | D:1      | Crownlay the Human Hunter began the quest for the Orb.
     0 | D:1      | Reached XP level 1. HP: 16/16 MP: 1/1
   130 | D:1      | Reached XP level 2. HP: 22/22 MP: 2/2
   549 | D:1      | Reached XP level 3. HP: 28/28 MP: 3/3
   734 | D:1      | Found a faded altar of an unknown god.
   838 | D:2      | Found a shimmering altar of Xom.
  1411 | D:3      | Reached XP level 4. HP: 34/34 MP: 4/4
  1488 | D:3      | Reached skill level 5 in Ranged Weapons
  1489 | D:3      | Reached skill level 1 in Throwing
  1501 | D:3      | Reached XP level 5. HP: 34/41 MP: 5/5
  1790 | D:4      | Noticed Duvessa
  1790 | D:4      | Noticed Dowan
  1790 | D:4      | Found Dini's Armour Shoppe.
  2125 | D:3      | Killed Dowan
  2278 | D:4      | Found Xiwoicsi's Armour Shoppe.
  2282 | D:4      | Bought a +0 pair of gloves of dexterity for 149 gold pieces
  2314 | D:4      | Reached XP level 6. HP: 42/47 MP: 6/6
  2353 | D:4      | Noticed Menkaure
  2363 | D:4      | Killed Menkaure
  2364 | D:4      | Reached skill level 6 in Ranged Weapons
  2438 | D:4      | Reached XP level 7. HP: 40/53 MP: 7/7
  2515 | D:4      | Noticed Edmund
  2571 | D:4      | Killed Edmund
  2713 | D:4      | Found Wafes's Jewellery Emporium.
  2783 | D:4      | Reached skill level 7 in Ranged Weapons
  2885 | D:4      | Reached XP level 8. HP: 61/61 MP: 8/8
  3463 | D:4      | Found a hide-covered altar of Uskayaw.
  3522 | D:4      | Found Anamipef's Antique Armour Shoppe.
  3525 | D:4      | Found a hide-covered altar of Uskayaw.
  3620 | D:4      | Found Deegigiq's Weapon Emporium.
  3640 | D:4      | Reached skill level 5 in Fighting
  3869 | D:5      | Entered Level 5 of the Dungeon
  4076 | D:5      | Reached skill level 1 in Polearms
  4076 | D:5      | Reached skill level 8 in Ranged Weapons
  4509 | D:5      | Noticed a wyvern
  4521 | D:5      | Killed a wyvern
  4522 | D:5      | Reached XP level 9. HP: 12/68 MP: 9/9
  4522 | D:5      | Slain by an ice beast

Illustrated notes

Levels and vault maps discovered:
D:1:      eino_arrival_water_cross, layout_loops_ring,
          hellmonk_ecumenical_altar_prayer_group, chequers_serial_rivers_small_b
D:2:      layout_rooms, basic_altar, minmay_misc_feat_square,
          hangedman_decor_push
D:3:      kennysheep_the_goblin_king, layout_rooms, nicolae_figureground_sparkle
D:4:      lemuel_castle_with_subvaults [lemuel_castle_interior_carwin_3],
          layout_rooms, nicolae_uskayaw_suspiria, serial_shops,
          nicolae_inconvenience_store, shop, shop, kennysheep_little_box, shop,
          gup_sewer_entry_pipe, kennysheep_small_circle, uniq_menkaure,
          uniq_edmund, uniq_duvessa
D:5:      minmay_diamond_boxcup, layout_rooms, chequers_hall_statues_corner_a,
          kennysheep_diamond

Skill      XL: |  1  2  3  4  5  6  7  8 |
---------------+-------------------------+-----
Ranged Weapons | 5 6 7 8 |  8.5
Throwing       | 1 2 3 4 |  4.7
Fighting       | 3 4 5 |  5.0
Polearms       | 2 |  2.1
Dodging        | |  2.0
Stealth        | |  1.0

Action                   |  1- 3 |  4- 6 |  7- 9 || total
-------------------------+-------+-------+-------++-------
 Fire: Shortbow          |    95 |   147 |   348 ||   590
Throw: Dart              |       |     1 |       ||     1
  Use: Scroll            |     1 |     1 |     2 ||     4
       Potion            |       |       |     1 ||     1
Armor: Leather armour    |    18 |    21 |    46 ||    85
Dodge: Dodged            |    36 |    52 |   151 ||   239

Table legend: (Time is in decaauts)
 A = Elapsed time spent in this place.
 B = Non-inter-level travel time spent in this place.
 C = Inter-level travel time spent in this place.
 D = Time resting spent in this place.
 E = Time spent auto-exploring this place.
 F = Levels seen in this place.
 G = Mean time per level.
                   A        B        C        D        E       F      G
               +--------+--------+--------+--------+--------+-----+--------+
         Total |   4671 |   4402 |    269 |      0 |   3170 |   5 |  934.2 |
       Dungeon |   4671 |   4402 |    269 |      0 |   3170 |   5 |  934.2 |
               +--------+--------+--------+--------+--------+-----+--------+

Top non-repeatable levels by time:
     D:4: 1824 daAuts
     D:2: 889 daAuts
     D:1: 853 daAuts
     D:3: 600 daAuts
     D:5: 504 daAuts
